 Dungeon Crawl Stone Soup version 0.20-a0-1078-g4874019 (webtiles) character file.

497 Murumi the Covert (level 6, -11/44 HPs)
             Began as a Vampire Enchanter on Apr 30, 2017.
             Mangled by an ogre
             ... wielding a +0 giant spiked club
              (20 damage)
             ... on level 4 of the Dungeon.
             The game lasted 00:25:53 (5185 turns).

Murumi the Covert (Vampire Enchanter)               Turns: 5185, Time: 00:25:54

Health: -11/44     AC:  6    Str:  7    XL:     6   Next: 93%
Magic:  0/9        EV: 13    Int: 17    God:
Gold:   145        SH:  0    Dex: 17    Spells: 0/9 levels left

rFire    . . .     SeeInvis +   a - +1 dagger
rCold    + + +     Gourm    .   (no shield)
rNeg     + + +     Faith    .   b - +0 robe
rPois    ∞         Spirit   .   h - +0 helmet
rElec    .         Reflect  .   r - scarf {rC+}
rCorr    .         Harm     .   i - +2 pair of gloves
MR       .....                  (no boots)
Stlth    ++++++++..             (no amulet)
Regen    0.0/turn               f - ring of wizardry
MPRegen  0.2/turn               q - ring of stealth

@: very slightly contaminated, bloodless, non-regenerating
A: fangs 3, see invisible, unbreathing
a: Bat Form


You were on level 4 of the Dungeon.
You were bloodless.

You visited 1 branch of the dungeon, and saw 4 of its levels.

You collected 145 gold pieces.

Inventory:

Hand Weapons
 a - a +1 dagger (weapon)
Armour
 b - a +0 robe (worn)
 h - a +0 helmet (worn)
 i - a +2 pair of gloves (worn)
 r - a scarf of cold resistance (worn)
Jewellery
 f - a ring of wizardry (left hand)
 l - an uncursed ring of flight
 q - a ring of stealth (right hand)
Wands
 m - a wand of flame (5/48)
 n - a wand of disintegration (13/24)
Scrolls
 e - a scroll of fog {unknown}
 j - 2 scrolls of blinking {unknown}
 o - 2 scrolls of remove curse {unknown}
 p - a scroll of fear {unknown}
 t - a scroll of magic mapping {unknown}
Potions
 d - 24 potions of blood
 g - 2 potions of haste
 k - a potion of mutation {unknown}
 s - a potion of ambrosia {unknown}
Books
 c - a book of Maledictions

   Spells                             Type                      Level
   a - Corona                         Hexes                        1
   b - Ensorcelled Hibernation        Hexes/Ice                    2
   c - Confuse                        Hexes                        3
   d - Tukima's Dance                 Hexes                        3
   e - Dazzling Spray                 Conjuration/Hexes            3


   Skills:
 - Level 2.1 Fighting
 - Level 3.0 Short Blades
 + Level 2.6 Dodging
 - Level 10.0 Stealth
 - Level 2.0 Spellcasting
 - Level 5.0 Hexes


You couldn't memorise any spells.
You knew the following spells:

 Your Spells              Type           Power        Failure   Level  Hunger
a - Corona                Hex            ###....      1%          1    #......
b - Ensorcelled Hibernat  Hex/Ice        ##....       4%          2    ###....
c - Confuse               Hex            ###.....     3%          3    ###....
d - Tukima's Dance        Hex            ###.....     3%          3    ###....


Dungeon Overview and Level Annotations

Branches:
Dungeon (4/15)
 Temple: D:4-7

Altars:
Kikubaaqudgha
Makhleb
Trog
Yredelemnul


Innate Abilities, Weirdness & Mutations

You do not heal naturally.
You are immune to poison.
You have razor-sharp teeth.
You have supernaturally acute eyesight. (SInv)
You can survive without breathing.


Message History

Casting: Tukima's Dance
Confirm with . or Enter, or press ? or * to list all spells.
Aiming: Tukima's Dance
Press: ? - help, Shift-Dir - straight line, f/p - ogre
Aim: an ogre, wielding a giant spiked club (lightly wounded, chance to defeat MR: 56%)
The ogre resists with significant effort.
The jackal barks!
The ogre hits you with a giant spiked club!!
Ouch! That really hurt!
* * * LOW HITPOINT WARNING * * *
Casting: Tukima's Dance
Confirm with . or Enter, or press ? or * to list all spells.
Aiming: Tukima's Dance
Press: ? - help, Shift-Dir - straight line, f/p - ogre
Aim: an ogre, wielding a giant spiked club (lightly wounded, chance to defeat MR: 56%)
You miscast Tukima's Dance.
You are very lightly contaminated with residual magic.
You feel off-balance for a moment.
The ogre hits you with a giant spiked club!!
You die...

.......# #.#..#.#..##.# #(#
...[...# #.#..#.#..##.####)#
.......########.#..#.#..##.#..(.#
.....!>.........#....#..##....###
.......#######..#.##.#..##...)# #
.........÷......#...........).###
.......###...#..######..###......
................O................
................@...%............
......####..............%........
......# #######..#######........
.###### #..# #........ . ###h.##
#........ #.....# #....#...
#...†...........#.^.
#...(..#####....#... #%...#...
..........


You could see an ogre and a jackal.

Vanquished Creatures
  A howler monkey (D:3)
  2 hounds
  2 orc wizards (D:3)
  An iguana (D:4)
  Jessica (D:3)
  Ijyb (D:3)
  Natasha (thrice) (D:3)
  Robin (D:4)
  6 adders
  3 oozes
  5 worms
  2 dart slugs (D:2)
  A leopard gecko (D:2)
  2 orcs (D:3)
  4 giant cockroaches
  15 goblins
  11 hobgoblins
  12 jackals
  3 quokkas
  4 bats
  3 frilled lizards
  10 kobolds
  9 rats
102 creatures vanquished.

Notes
Turn   | Place    | Note
-------+----------+-------------------------------------------
     0 | D:1      | Murumi the Vampire Enchanter began the quest for the Orb.
     0 | D:1      | Reached XP level 1. HP: 13/13 MP: 3/3
   564 | D:1      | Reached skill level 5 in Stealth
   721 | D:1      | Reached skill level 1 in Fighting
   721 | D:1      | Reached XP level 2. HP: 10/21 MP: 1/5
   874 | D:1      | Learned a level 2 spell: Ensorcelled Hibernation
  1451 | D:1      | Noticed a phantom
  1818 | D:1      | Reached skill level 6 in Stealth
  1818 | D:1      | Reached XP level 3. HP: 19/26 MP: 1/6
  2384 | D:2      | Reached skill level 7 in Stealth
  2390 | D:2      | Reached XP level 4. HP: 32/32 MP: 0/7
  2851 | D:3      | Learned a level 3 spell: Confuse
  2902 | D:3      | Noticed Jessica
  2908 | D:3      | Killed Jessica
  3001 | D:3      | Noticed Ijyb
  3001 | D:3      | Noticed Natasha
  3040 | D:3      | Killed Natasha
  3040 | D:3      | Reached skill level 8 in Stealth
  3040 | D:3      | Reached XP level 5. HP: 4/37 MP: 0/8
  3605 | D:3      | Reached skill level 9 in Stealth
  3607 | D:3      | Noticed Natasha
  3617 | D:3      | Killed Natasha
  3697 | D:3      | Killed Ijyb
  3733 | D:3      | Reached XP level 6. HP: 43/43 MP: 9/9
  3773 | D:3      | Learned a level 3 spell: Tukima's Dance
  3779 | D:3      | Found a burning altar of Makhleb.
  3783 | D:3      | Found a bloodstained altar of Trog.
  3785 | D:3      | Found a basalt altar of Yredelemnul.
  3785 | D:3      | Found an ancient bone altar of Kikubaaqudgha.
  4022 | D:3      | Reached skill level 10 in Stealth
  4104 | D:3      | Noticed Natasha
  4110 | D:3      | Killed Natasha
  4388 | D:3      | You fall through a shaft!
  4603 | D:4      | Reached skill level 5 in Hexes
  4721 | D:4      | Noticed Robin
  4786 | D:4      | Killed Robin
  5185 | D:4      | Mangled by an ogre

Vault maps used:
D:1:      ncdulo_smallfort
D:2:      minmay_tromino_v2
D:3:      minitemple, uniq_ijyb, uniq_natasha, uniq_jessica
D:4:      lemuel_crystal_altar, first_bread, uniq_robin

Skill      XL: |  1  2  3  4  5  6 |
---------------+-------------------+-----
Stealth        | 5 6 7 8 9 10 | 10.0
Fighting       | 1 2 |  2.1
Short Blades   | 2 3 |  3.0
Hexes          | 5 |  5.0
Dodging        | |  2.6
Spellcasting   | |  2.0

Action                   |  1- 3 |  4- 6 || total
-------------------------+-------+-------++-------
Melee: Dagger            |   114 |   177 ||   291
       Bite              |    10 |     9 ||    19
 Cast: Corona            |    10 |       ||    10
       Ensorcelled Hiber |    27 |    57 ||    84
       Tukima's Dance    |       |     2 ||     2
  Use: Scroll            |     5 |     2 ||     7
       Potion            |     1 |     5 ||     6
 Stab: Sleeping          |    24 |    39 ||    63
       Distracted        |       |     4 ||     4
       Invisible         |       |     4 ||     4
  Eat: Corpse            |     2 |       ||     2
Armor: Robe              |    18 |    34 ||    52
Dodge: Dodged            |    81 |   121 ||   202
